 Dungeon Crawl Stone Soup version 0.27.1-33-g824d729ab1 (webtiles) character file.

Game seed: 16683689128067714512

853 raph the Carver (level 7, -1/48 (57) HPs)
             Began as a Minotaur Monk on Dec 29, 2021.
             Was a Believer of Ashenzari.
             Slain by an orc warrior (4 damage)
             ... on level 5 of the Dungeon.
             The game lasted 00:07:15 (6086 turns).

raph the Carver (Minotaur Monk)                     Turns: 6086, Time: 00:07:16

HP:   -1/48 (57)    AC: 10    Str: 16    XL:     7   Next: 70%
MP:   6/6           EV:  7    Int:  7    God:    Ashenzari [**....]
Gold: 160           SH:  5    Dex: 14    Spells: 6/6 levels left

rFire    . . .     SeeInvis +   a - +0 falchion
rCold    . . .     Faith    .   x - +2 buckler "Per Aspera Ad Scientiam" {Fort, Comp} (curse)
rNeg     . . .     Spirit   .   w - +0 chain mail "Cryptic Disgust" {Fort, Cun} (curse)
rPois    .         Reflect  .   (helmet restricted)
rElec    .         Harm     .   (no cloak)
rCorr    .         Rampage  .   h - +1 pair of gloves "Stellar Suspicion" {Range, Evo} (curse)
Will     .....                  (no boots)
Stlth    ..........             (no amulet)
HPRegen  0.16/turn              (no ring)
MPRegen  0.10/turn              (no ring)

@: heavily drained
A: horns 2, retaliatory headbutt
a: Renounce Religion, Shatter the Chains


You were on level 5 of the Dungeon.
You worshipped Ashenzari.
Ashenzari was pleased with you.
You visited 1 branch of the dungeon, and saw 6 of its levels.

You collected 160 gold pieces.

Inventory:

Hand Weapons
 a - a +0 falchion (weapon)
 n - a +0 hunting sling
Missiles
 d - 199 stones (quivered)
 o - 16 sling bullets
Armour
 b - a +0 robe
 e - a +0 leather armour
 g - a +0 ring mail
 h - the cursed +1 pair of gloves "Stellar Suspicion" (worn) {Range, Evo}
   (You found it on level 1 of the Dungeon)

   It has a curse which improves the following skills: Ranged Combat: Slings,
   Bows, Crossbows and Throwing.
   Evocations: Evocations.
 w - the cursed +0 chain mail "Cryptic Disgust" (worn) {Fort, Cun}
   (You took it off an orc on level 4 of the Dungeon)

   It has a curse which improves the following skills: Fortitude: Armour and
   Shields.
   Cunning:   Dodging and Stealth.
 x - the cursed +2 buckler "Per Aspera Ad Scientiam" (worn) {Fort, Comp}
   (You found it on level 4 of the Dungeon)

   It has a curse which improves the following skills: Fortitude: Armour and
   Shields.
   Companions: Summonings and Necromancy.
Jewellery
 c - an amulet of faith
 r - an amulet of magic regeneration
 v - a ring of positive energy
Wands
 q - a wand of flame (14)
 s - a wand of polymorph (2)
 y - a wand of paralysis (4)
Scrolls
 j - 4 scrolls of teleportation
 k - 2 scrolls of noise
 l - 2 scrolls of fear
 m - 2 scrolls of blinking
Potions
 f - a potion of attraction
 i - a potion of degeneration
 p - 3 potions of curing
 t - a potion of cancellation
 u - a potion of might


   Skills:
 - Level 3.6 Fighting
 + Level 10.9 Long Blades
 - Level 3.2(4.5) Dodging
 - Level 1.5(2.6) Stealth


You had 6 spell levels left.
You didn't know any spells.
Your spell library contained the following spells:

 Spells                   Type           Power      Damage    Failure   Level
 Magic Dart               Conj           0%         1d3       100%        1
 Call Imp                 Summ           0%         N/A       100%        2
 Mephitic Cloud           Conj/Pois/Air  0%         N/A       100%        3


Dungeon Overview and Level Annotations

Branches:
Dungeon (6/15)
 Temple: D:4-7

Altars:
Ashenzari
Fedhas
Zin

Shops:
D:3 =

Annotations:
D:5 exclusion: oklob plant
D:6 Prince Ribbit


Innate Abilities, Weirdness & Mutations

You have a pair of horns on your head.
You reflexively headbutt those who attack you in melee.


Message History

The orc wizard is moderately wounded.
You block the orc warrior's attack.
The orc wizard points at you and mumbles some strange words.
The puff of flame misses you.
You hit the orc wizard. You headbutt the orc wizard.
The orc wizard is almost dead.
The orc warrior completely misses you. The orc wizard closely misses you.
You barely miss the orc wizard.
The orc wizard is almost dead.
The orc warrior hits you with a +1 mace of draining.
You feel drained.
The orc wizard hits you with a +0 dagger.
You slash the orc wizard!
You kill the orc wizard!
You block the orc warrior's attack.
You hit the orc warrior. You headbutt the orc warrior.
The orc warrior is lightly wounded.
You hit the orc warrior but do no damage.
The orc warrior is lightly wounded.
The orc warrior hits you with a +1 mace of draining.
You feel drained.
You closely miss the orc warrior.
The orc warrior is lightly wounded.
The orc warrior hits you with a +1 mace of draining!
You feel drained.
* * * LOW HITPOINT WARNING * * *
You are too injured to fight recklessly!
You are too injured to fight recklessly!
You are too injured to fight recklessly!
You are too injured to fight recklessly!
You are too injured to fight recklessly!
You are too injured to fight recklessly!
You are too injured to fight recklessly!
You are too injured to fight recklessly!
You hit the orc warrior.
The orc warrior is moderately wounded.
The orc warrior hits you with a +1 mace of draining!
* * * LOW HITPOINT WARNING * * *
You feel drained.
You die...

#.# ##...######. #.#
##+###..... #.# #.#
#.#### #.# #.# #.#
#.# ##.###.####
##.## ##...##.#...
##...###.....#.#.##
##.....#............
#..@)....##.########
##o....######
##...## ##.## ###


You could see an orc warrior.

Vanquished Creatures
  A sky beast (D:3)
  An ice beast (D:5)
  An ogre (D:4)
  A phantom (D:4)
  2 water moccasin skeletons (D:5)
  2 bullfrog zombies (D:5)
  A jelly (D:5)
  A hound (D:5)
  A bullfrog skeleton (D:3)
  2 iguanas
  An orc wizard (D:5)
  3 gnolls (D:4)
  4 adders
  An ufetubus (D:4)
  3 worms
  2 dart slugs
  6 orcs
  9 ball pythons
  5 bats
  7 endoplasms
  3 giant cockroaches
  12 goblins
  9 hobgoblins
  2 jackals (D:1)
  4 quokkas
  6 frilled lizards
  5 kobolds
  3 rats
98 creatures vanquished.

Vanquished Creatures (others)
  3 plants
3 creatures vanquished.

Grand Total: 101 creatures vanquished

Notes
Turn   | Place    | Note
-------+----------+-------------------------------------------
     0 | D:1      | raph the Minotaur Monk began the quest for the Orb.
     0 | D:1      | Reached XP level 1. HP: 19/19 MP: 0/0
   150 | D:1      | Reached skill level 4 in Long Blades
   187 | D:1      | Reached XP level 2. HP: 18/26 MP: 1/1
   670 | D:1      | Reached skill level 5 in Long Blades
   706 | D:1      | Reached XP level 3. HP: 30/31 MP: 2/2
  1794 | D:2      | Found a faded altar of an unknown god.
  1993 | D:3      | Reached XP level 4. HP: 14/39 MP: 3/3
  2014 | D:2      | Reached skill level 6 in Long Blades
  2518 | D:3      | Noticed a sky beast
  2530 | D:3      | Killed a sky beast
  2531 | D:3      | Reached skill level 7 in Long Blades
  2531 | D:3      | Reached XP level 5. HP: 39/45 MP: 4/4
  2581 | D:3      | Found a broken altar of Ashenzari.
  2585 | D:3      | Became a worshipper of Ashenzari the Shackled
  2704 | D:3      | Found Kaveenok's Jewellery Shoppe.
  3131 | D:4      | Reached skill level 8 in Long Blades
  3430 | D:4      | Identified the +8 mace "Heolam" {freeze, rC- MP+9 Int+4
                  | Stlth+}
  3474 | D:4      | Noticed an ogre
  3476 | D:4      | Noticed a phantom
  3490 | D:4      | Killed an ogre
  3491 | D:4      | Reached XP level 6. HP: 15/51 MP: 5/5
  3868 | D:4      | Reached skill level 9 in Long Blades
  4130 | D:4      | Reached * piety under Ashenzari
  4633 | D:4      | Found a glowing silver altar of Zin.
  4688 | D:5      | Entered Level 5 of the Dungeon
  5072 | D:5      | Reached XP level 7. HP: 57/57 MP: 6/6
  5137 | D:5      | Reached skill level 10 in Long Blades
  5336 | D:5      | Reached ** piety under Ashenzari
  5417 | D:5      | Found a blossoming altar of Fedhas.
  5428 | D:5      | Noticed an oklob plant
  6075 | D:6      | Noticed Prince Ribbit
  6086 | D:5      | Slain by an orc warrior

Illustrated notes

Levels and vault maps discovered:
D:1:      scummos_arrival_forest, layout_loops_ring, minmay_tiny_reverse_x
D:2:      layout_basic, chequers_ecumenical_altar_lobes, kennysheep_doodads
D:3:      layout_basic, nicolae_ashenzari_skybound, serial_shops, shop
D:4:      cheibrodos_old_hovel, layout_basic, general_overflow_altar,
          minmay_misc_feat_roman
D:5:      layout_loops_corners, tgw_fedhas
D:6:      layout_gridville, riverfiend_overflow_shadow_ancestor,
          uniq_prince_ribbit1

Skill      XL: |  1  2  3  4  5  6  7 |
---------------+----------------------+-----
Long Blades    | 4 5 7 8 9 10 | 10.9
Fighting       | |  3.6
Dodging        | |  3.2
Stealth        | |  1.5

Action                   |  1- 3 |  4- 6 |  7- 9 || total
-------------------------+-------+-------+-------++-------
Melee: Falchion          |   102 |   122 |    62 ||   286
       Headbutt          |    22 |    26 |    15 ||    63
Invok: Curse Item        |       |     2 |     1 ||     3
  Use: Scroll            |       |     5 |     2 ||     7
 Stab: Sleeping          |       |     1 |       ||     1
Armor: Robe              |     7 |       |       ||     7
       Ring mail         |    38 |    42 |       ||    80
       Chain mail        |       |    22 |    25 ||    47
Dodge: Dodged            |    69 |    75 |    12 ||   156
Block: Buckler           |       |     1 |     9 ||    10
       Rpst.: Falchion   |    15 |    20 |     4 ||    39
